 Dungeon Crawl Stone Soup version 0.17-a0-1533-g2f57bce (webtiles) character file.

4880 urechis the Fighter (level 10, 0/148 HPs)
             Began as a Minotaur Berserker on July 16, 2015.
             Was the Champion of Trog.
             Succumbed to a black mamba's poison
             ... on level 1 of the Lair of Beasts.
             The game lasted 00:29:13 (7639 turns).

urechis the Fighter (Minotaur Berserker)            Turns: 7639, Time: 00:29:14

Health: 0/148      AC: 25    Str: 28    XL:     10   Next: 26%
Magic:  9/9        EV:  2    Int:  2    God:    Trog [******]
Gold:   415        SH:  0    Dex: 17    Spells: 0 memorised, 9 levels left

rFire  + . .     SeeInvis .     a - +0 spear (freeze)
rCold  x . .     Clarity  .     (armour currently unavailable)
rNeg   + + +     SustAt   .     (no shield)
rPois  +         Gourm    .     (helmet currently unavailable)
rElec  .         Spirit   .     (cloak currently unavailable)
rCorr  .         Warding  +     (gloves currently unavailable)
rMut   .         NoTele   +     (boots currently unavailable)
MR     .....                    q - amulet of warding
Stlth  +++.......               k - ring of positive energy
                                K - ring of fire

@: mighty, agile, lethally poisoned (0 -> -29), exhausted, tree-form, slowed,
very slow, not resistant to hostile enchantments, fairly stealthy
A: (retaliatory headbutt), (horns 0), dopey 1, screaming 1, teleportitis 1
a: Burn Spellbooks, Berserk, Trog's Hand, Brothers in Arms, Renounce Religion


You were on level 1 of the Lair of Beasts.
You worshipped Trog.
Trog was exalted by your worship.
You were hungry.
You were a tree.
You visited 2 branches of the dungeon, and saw 11 of its levels.

You collected 415 gold pieces.

Inventory:

Hand weapons
 a - a +0 spear of freezing (weapon)
 b - a +0 blowgun
 m - a +3 halberd
Missiles
 l - 2 throwing nets (quivered)
 B - 39 poisoned needles
Armour
 s - a quicksilver dragon armour (melded)
 G - a +0 pair of gloves (melded)
Jewellery
 k - a ring of positive energy (right branch)
 q - an amulet of warding (around neck)
 K - a ring of fire (left branch)
 O - an uncursed ring of sustain attributes
Magical devices
 x - a wand of lightning (8)
 N - a wand of magic darts (24)
Scrolls
 d - 2 scrolls of enchant armour {unknown}
 e - 5 scrolls of recharging
 i - 2 scrolls of fear {unknown}
 n - a scroll of noise {unknown}
 o - a scroll of amnesia {unknown}
 p - a scroll of fog {unknown}
 w - 6 scrolls of teleportation
 y - 2 scrolls of magic mapping {unknown}
 D - 4 scrolls of remove curse
 H - a scroll of blinking {unknown}
 L - a scroll of summoning {unknown}
 M - 2 scrolls of identify
 P - a scroll of random uselessness {unknown}
Potions
 g - 2 potions of resistance
 h - 2 potions of cure mutation
 j - 4 potions of curing
 r - a potion of magic
 v - 2 potions of brilliance
 A - 2 potions of haste
 E - 3 potions of heal wounds
 J - a potion of might
Comestibles
 c - 7 bread rations
 f - 7 meat rations
 u - 4 beef jerkies
 I - a royal jelly
 R - 8 slices of pizza


   Skills:
 + Level 12.4 Fighting
 + Level 11.7 Polearms
 * Level 7.4 Armour
 - Level 2.1 Dodging


You had 9 spell levels left.
You didn't know any spells.

Dungeon Overview and Level Annotations

Branches:
Dungeon (10/15)            Temple (0/1) D:6            Lair (1/8) D:9
    Orc: D:9-12

Altars:
Gozag
Makhleb
Nemelex Xobeh
Okawaru
Ru
Trog
Vehumet

Shops:
D:7 %

Annotations:
D:10 Ajdolov's ghost, powerful GrFi


Innate Abilities, Weirdness & Mutations

((You reflexively headbutt those who attack you in melee.))
((You have a pair of horns on your head.))
You are dopey. (Int -2)
You occasionally shout uncontrollably at your foes.
You are occasionally teleported to nearby monsters.


Message History

* * * LOW HITPOINT WARNING * * *
You feel very sick.
* * * LOW HITPOINT WARNING * * *
You feel sick.
You feel your anger subside.
You are no longer berserk.
You are exhausted.
You feel yourself slow down.
You are feeling hungry.
* * * LOW HITPOINT WARNING * * *
You feel very sick.
Drink which item? (? for menu, Esc to quit)
It was a potion of agility.
You feel agile all of a sudden.
* * * LOW HITPOINT WARNING * * *
You feel very sick.
Drink which item? (? for menu, Esc to quit)
It was a potion of mutation.
You feel extremely strange.
You feel weirdly uncertain.
You feel the urge to shout.
You die...

#........ #. #........
#.. ##.....### #... ###
#."....##. #...#####.##
##........ ...........#
##....##. ...........#
#....##. ...........#
#....##. .......♣...#
#....##. .......###.##
#.....#. ##....#
#..########.... ......
#..#.##.####... .....
#..............
............#######P####
.... ...P#### ### #
......### .


There were no monsters in sight!

Vanquished Creatures
  A black mamba (Lair:1)
  A deep elf fighter (D:9)
  A yak (D:9)
  A basilisk (Lair:1)
  A hippogriff (D:8)
  2 water moccasins
  Menkaure (D:7)
  Duvessa (D:4)
  2 ice beasts
  2 necrophages (D:7)
  An eye of draining (D:8)
  A phantom (D:6)
  A sky beast (D:8)
  2 orc warriors
  3 ogres
  4 centaurs
  A big kobold (D:3)
  2 crocodiles (D:9)
  2 giant frogs
  A wyvern zombie (D:8)
  Dowan (D:4)
  A scorpion (D:6)
  3 wights (D:4)
  2 centaur zombies (D:7)
  5 crimson imps
  4 hounds
  A wasp zombie (D:8)
  A centaur skeleton (D:5)
  8 orc priests
  A giant frog skeleton (D:5)
  A jelly (D:8)
  8 orc wizards
  2 iguanas
  4 worker ants
  A killer bee zombie (D:7)
  2 hound skeletons
  Robin (D:4)
  9 adders
  12 gnolls
  3 shadow imps
  3 adder skeletons
  2 adder zombies
  3 worms
  5 giant geckos
  38 orcs
  15 bats
  25 goblins
  13 hobgoblins
  10 jackals
  7 quokkas
  2 ball pythons
  6 giant cockroaches
  13 giant newts
  22 kobolds
  A quokka skeleton (D:9)
  12 rats
  4 fungi (D:9)
  A plant (D:9)
283 creatures vanquished.

Vanquished Creatures (others)
  2 fungi (D:9)
2 creatures vanquished.

Grand Total: 285 creatures vanquished

Notes
Turn   | Place    | Note
--------------------------------------------------------------
     0 | D:1      | urechis the Minotaur Berserker began the quest for the Orb.
     0 | D:1      | Reached XP level 1. HP: 19/19 MP: 0/0
   130 | D:1      | Reached skill level 4 in Fighting
   141 | D:1      | Reached XP level 2. HP: 25/27 MP: 1/1
   204 | D:1      | Acquired Trog's second power
   447 | D:1      | Reached XP level 3. HP: 34/34 MP: 2/2
   551 | D:1      | You fall through a shaft!
   846 | D:2      | Reached skill level 5 in Fighting
   847 | D:2      | Reached XP level 4. HP: 42/42 MP: 3/3
  1109 | D:2      | Reached skill level 5 in Polearms
  1277 | D:3      | Reached XP level 5. HP: 23/50 MP: 4/4
  1283 | D:3      | Reached skill level 6 in Fighting
  1285 | D:3      | Found a faded altar to an unknown god.
  1748 | D:3      | Noticed a big kobold
  1764 | D:3      | Killed a big kobold
  1764 | D:3      | Reached XP level 6. HP: 44/58 MP: 5/5
  2225 | D:4      | Reached skill level 7 in Fighting
  2347 | D:4      | Noticed Duvessa
  2348 | D:4      | Noticed Dowan
  2369 | D:4      | Killed Duvessa
  2374 | D:4      | Killed Dowan
  2374 | D:4      | Reached XP level 7. HP: 44/66 MP: 6/6
  2687 | D:4      | Reached skill level 8 in Fighting
  2694 | D:4      | Acquired Trog's third power
  2841 | D:4      | Noticed Robin
  2857 | D:4      | Killed Robin
  2996 | D:4      | Found a sacrificial altar of Ru.
  3250 | D:5      | Entered Level 5 of the Dungeon
  3333 | D:5      | Found an iron altar of Okawaru.
  3334 | D:5      | Found a bloodstained altar of Trog.
  3707 | D:5      | Reached skill level 9 in Fighting
  3758 | D:5      | Reached XP level 8. HP: 70/78 MP: 7/7
  4641 | D:6      | Found a staircase to the Ecumenical Temple.
  4682 | D:6      | Reached skill level 10 in Fighting
  4758 | D:6      | Found an opulent altar of Gozag.
  4916 | D:6      | Lost intelligence.
  5167 | D:7      | Found a burning altar of Makhleb.
  5322 | D:7      | Noticed Menkaure
  5330 | D:7      | Killed Menkaure
  5330 | D:7      | Reached skill level 10 in Polearms
  5488 | D:7      | Reached XP level 9. HP: 86/86 MP: 8/8
  5517 | D:7      | Found Ticitox's Food Shop.
  5615 | D:7      | Reached skill level 11 in Fighting
  6039 | D:8      | Received a gift from Trog
  6061 | D:8      | Got a pitted morningstar
  6062 | D:8      | Identified the +9 morningstar of Disgust {speed, *Contam Dex+8} (You found it on level 8 of the Dungeon)
  6101 | D:8      | Gained mutation: You are dopey. (Int -2) [mutagenic glow]
  6155 | D:8      | Got a dazzling quarterstaff
  6156 | D:8      | Identified the +5 quarterstaff of Ikatutua {drain, *Corrode +Fly SInv} (You found it on level 8 of the Dungeon)
  6582 | D:9      | Reached skill level 5 in Armour
  6628 | D:9      | Reached skill level 12 in Fighting
  6670 | D:9      | Found a staircase to the Lair.
  6771 | D:9      | Found a sparkling altar of Nemelex Xobeh.
  6799 | D:9      | Reached XP level 10. HP: 68/97 MP: 9/9
  6956 | D:9      | Found a radiant altar of Vehumet.
  7267 | D:10     | Entered Level 10 of the Dungeon
  7312 | D:10     | Noticed Ajdolov's ghost (powerful GrFi)
  7558 | Lair:1   | Entered Level 1 of the Lair of Beasts
  7617 | Lair:1   | Noticed a black mamba
  7630 | Lair:1   | Killed a black mamba
  7638 | Lair:1   | HP: 4/148 [poisoned by a black mamba]
  7639 | Lair:1   | Gained mutation: You are occasionally teleported to nearby monsters. [potion of mutation]
  7639 | Lair:1   | Gained mutation: You occasionally shout uncontrollably at your foes. [potion of mutation]
  7639 | Lair:1   | Succumbed to a black mamba's poison

Vault maps used:
D:1:      eino_arrival_cavern_a, minmay_newt_pond
D:3:      ecumenical_altar_1
D:4:      kennysheep_mini, grunt_ministairs_6, uniq_duvessa, uniq_robin
D:5:      corexii_shantytown, grunt_temple_overflow_bloody_war,
          nicolae_overflow_hidden_temple, first_bread, st_stairs_9
D:6:      nicolae_gozag_seed_capital, minmay_temple_entry_poolview,
          kennysheep_generic_room_3
D:7:      serial_shops, nicolae_shop_trees, makhleb_blood_cavern_becter,
          uniq_menkaure
D:8:      minmay_diamond_spiral
D:9:      old_standard_altar, due_lair_maze_entry_diamond, st_stairs_6,
          grunt_pizzeria, nemelex_xobeh_ov_fountains_minmay
D:10:     basic_altar, minivault_20, spider_trap, uniq_josephine
Lair:1:   serial_bayou_shore_a, lemuel_fruit_tree

Action                   |  1- 3 |  4- 6 |  7- 9 | 10-12 || total
-------------------------+-------+-------+-------+-------++-------
Melee: Spear             |    90 |   134 |    93 |    13 ||   330
       Halberd           |       |       |   370 |    43 ||   413
Invok: Berserk           |     2 |     2 |     2 |       ||     6
       Burn Spellbooks   |       |       |     1 |       ||     1
       Trog's Hand       |       |       |     1 |       ||     1
  Use: Scroll            |       |       |     9 |       ||     9
       Potion            |       |       |       |     6 ||     6
 Stab: Sleeping          |     1 |     1 |       |       ||     2
  Eat: Chunk             |       |     8 |    16 |     3 ||    27
       Fruit             |       |       |     2 |       ||     2
